Map: Flooded City

Players

Kuroya

  • Race: Zerg Zerg
  • Spawn Location: 12:00

Jiamin

  • Race: Protoss Protoss
  • Spawn Location: 12:00

Odin - Winner!

  • Race: Protoss Protoss
  • League: Gold
  • Spawn Location: 6:00

keyser - Winner!

  • Race: Terran Terran
  • Spawn Location: 6:00

VOD

Have the link to the VOD?

Description

Time

  • Played on: Aug. 29, 2018, 8:59 a.m.
  • Length: 22:24
Show
View Real Time Build Order
Export as new Build Order

Kuroya Zerg 

Build Orders: Hatch First 

Get SALT Encoding   

  12  0:01  Drone  
  13  0:14  Overlord  
  13  0:18  Drone  
  14  0:32  Drone x2  
  16  0:36  Drone  
  17  0:47  Drone  
  18  1:09  Hatchery  
  18  1:10  Extractor, Drone  
  18  1:11  Drone  
  18  1:23  Spawning Pool  
  17  1:27  Drone  
  18  1:38  Drone  
  19  2:06  Drone  
  19  2:07  Drone  
  21  2:10  Metabolic Boost  
  21  2:25  Zergling x6  
  21  2:26  Queen x2  
  28  2:30  Overlord  
  28  2:49  Drone x3  
  31  2:57  Drone x2  
  32  3:09  Drone x2  
  34  3:12  Overlord  
  34  3:17  Roach Warren, Queen  
  35  3:39  Drone x5  
  40  3:44  Zergling x6  
  43  3:50  Drone  
  44  4:03  Overlord x2  
  44  4:21  Queen  
  46  4:28  Drone x7  
  46  4:29  Drone  
  54  4:33  Extractor  
  54  4:36  Extractor  
  54  4:37  Lair  
  52  4:38  Evolution Chamber  
  52  4:39  Evolution Chamber  
  52  4:40  Extractor  
  49  4:49  Roach  
  49  4:50  Roach x4  
  49  4:51  Drone  
  60  5:04  Overlord x2  
  60  5:07  Zerg Missile Weapons Level 1, Zerg Ground Armor Level 1  
  60  5:21  Queen  
  62  5:38  Drone  
  62  5:39  Drone x5  
  62  5:40  Hatchery  
  67  5:48  Roach  
  67  5:49  Roach x3  
  75  5:52  Overlord x2  
  75  5:59  Pneumatized Carapace  
  75  6:28  Roach x4  
  75  6:29  Roach x4  
  91  6:36  Zergling x2  
  91  6:38  Overlord x2  
  91  6:39  Overlord  
  87  6:56  Drone  
  87  6:57  Drone x5  
  93  7:20  Spore Crawler  
  92  7:23  Spore Crawler  
  92  7:26  Spore Crawler  
  87  7:46  Drone x4  
  87  7:50  Zerg Missile Weapons Level 2  
  87  7:51  Hydralisk Den, Zerg Ground Armor Level 2  
  90  8:01  Zergling x4, Roach x6  
  90  8:02  Zergling x12  
  90  8:03  Zergling x2  
  90  8:04  Hatchery, Ravager  
  112  8:05  Ravager  
  112  8:06  Ravager x2  
  112  8:10  Drone x2  
  116  8:18  Zergling x4  
  118  8:24  Zergling x8  
  118  8:26  Overlord  
  118  8:27  Overlord  
  122  8:43  Overlord x2  
  122  8:44  Overlord x2  
  122  9:06  Hydralisk  
  122  9:07  Hydralisk x5  
  134  9:14  Extractor  
  134  9:15  Extractor  
  132  9:18  Overlord x4  
  132  9:34  Overseer  
  132  9:36  Infestation Pit  
  130  10:17  Zergling x6  
  130  10:18  Hydralisk x6, Zergling x2  
  130  10:19  Hydralisk  
  148  10:21  Grooved Spines  
  148  10:46  Drone x5  
  148  10:47  Drone x2  
  155  10:52  Queen  
  152  11:25  Hydralisk x2  
  130  11:26  Hydralisk x5  
  130  11:27  Roach x4  
  143  11:32  Muscular Augments  
  143  11:38  Zergling x8  
  143  11:39  Hydralisk  
  134  11:52  Hive  
  134  11:54  Hydralisk x2  
  134  11:55  Hydralisk x2  
  134  11:59  Queen  
  144  12:05  Zergling x2  
  144  12:06  Zergling x6  
  148  12:12  Hydralisk x5  
  148  12:13  Hydralisk x2  
  148  12:36  Hydralisk x4  
  148  12:37  Hydralisk x3  
  132  12:45  Hydralisk x5  
  132  12:46  Hydralisk x7  
  132  12:47  Hydralisk x4  
  164  13:05  Hydralisk  
  164  13:06  Hydralisk x2  
  170  13:12  Hatchery  
  170  13:13  Drone x4  
  113  13:57  Hydralisk x4  
  113  13:58  Hydralisk x5  
  113  13:59  Hydralisk x2  
  113  14:00  Zergling x14  
  113  14:01  Zergling x6  
  145  14:08  Ultralisk Cavern  
  144  14:18  Extractor  
  144  14:19  Extractor  
  144  14:22  Zergling x2, Hydralisk x7  
  144  14:23  Hydralisk  
  159  14:29  Zerg Missile Weapons Level 3  
  159  14:34  Zergling x4  
  159  14:35  Zergling x4  
  147  14:46  Hydralisk x2  
  147  14:47  Zergling x4  
  147  14:48  Zergling x6  
  147  14:49  Zergling x2  
  157  14:58  Drone x5  
  162  15:00  Overlord  
  162  15:02  Drone  
  162  15:03  Drone x2  
  138  15:25  Hydralisk x5  
  138  15:26  Zergling x4  
  138  15:27  Ultralisk  
  136  15:39  Zergling x12  
  136  15:40  Zergling x10  
  121  15:49  Zergling x6  
  124  15:50  Zergling x2  
  123  16:01  Hydralisk x3  
  123  16:02  Hydralisk x4  
  119  16:19  Zerg Melee Weapons Level 1  
  119  16:20  Chitinous Plating  
  119  16:22  Zergling x4, Ultralisk x2  
  119  16:23  Zergling x2  
  131  16:27  Adrenal Glands  
  131  16:31  Drone  
  131  16:32  Drone x4  
  136  16:52  Zergling x8  
  136  16:53  Zergling x14  
  136  16:54  Hatchery, Zergling x4  
  148  17:10  Zergling x2  
  148  17:11  Hydralisk, Zergling x2  
  148  17:12  Ultralisk  
  148  17:13  Ultralisk  
  164  17:17  Ultralisk  
  138  17:34  Zergling x12  
  138  17:35  Zergling x6  
  138  17:37  Ultralisk  
  133  17:41  Zerg Ground Armor Level 3  
  133  17:45  Ultralisk  
  133  17:49  Queen  
  141  17:55  Zergling x10  
  141  17:56  Zergling x2  
  135  18:02  Zergling x4  
  135  18:03  Zergling x4, Ultralisk  
  132  18:10  Ultralisk  
  132  18:12  Zergling x4  
  136  18:22  Zergling x6, Ultralisk  
  136  18:23  Zergling x2  
  138  18:30  Ultralisk  
  138  18:31  Zergling x2  
  142  18:36  Drone x4  
  142  18:38  Zergling x4  
  142  18:39  Zergling x2  
  142  18:41  Zergling x2  
  150  18:43  Zergling x2  
  150  18:44  Zergling x2  
  152  18:52  Zergling x6  
  152  18:53  Zergling x8  
  158  18:58  Hydralisk  
  158  18:59  Hydralisk  
  158  19:01  Hydralisk  
  164  19:06  Zergling x6  
  164  19:07  Zergling x2  
  168  19:19  Ultralisk  
  168  19:21  Zergling x8  
  168  19:22  Zergling x4  
  168  19:24  Zergling x2  
  181  19:39  Extractor x2  
  181  19:40  Extractor  
  181  19:41  Extractor  
  181  19:42  Ultralisk x2  
  189  19:46  Zergling x8  
  189  19:47  Zergling x2  
  194  19:54  Zergling x12  
  199  20:11  Zergling x6  
  199  20:12  Zergling x2  
  193  20:37  Zergling x6  
  193  20:39  Zergling x8  
  199  22:06  Zergling x8  
  199  22:07  Zergling x8  
Show
View Real Time Build Order
Export as new Build Order

Jiamin Protoss 

Build Orders:  

Get SALT Encoding   

  12  0:02  Probe  
  13  0:14  Probe  
  13  0:19  Pylon  
  14  0:27  Probe  
  15  0:39  Probe  
  16  0:44  Gateway  
  16  0:51  Probe  
  17  0:58  Assimilator  
  17  1:03  Probe  
  18  1:23  Probe  
  19  1:38  Probe  
  20  1:49  Pylon, Nexus  
  20  1:50  Probe  
  21  1:56  Assimilator  
  21  2:06  Probe  
  22  2:14  Cybernetics Core  
  22  2:21  Probe  
  23  2:26  Pylon  
  23  2:36  Probe  
  24  2:42  Warp Gate  
  24  2:48  Probe  
  25  2:53  Shield Battery  
  25  2:59  Stargate  
  25  3:00  Probe  
  26  3:05  Stalker  
  28  3:14  Probe  
  29  3:22  Probe  
  30  3:31  Probe  
  30  3:32  Probe  
  31  3:35  Stalker  
  34  3:43  Probe  
  34  3:44  Probe  
  36  3:53  Assimilator  
  36  3:55  Probe  
  37  3:56  Probe  
  38  4:07  Probe  
  39  4:10  Gateway  
  39  4:12  Gateway  
  39  4:14  Stalker  
  41  4:19  Probe  
  42  4:26  Assimilator  
  42  4:31  Probe  
  42  4:32  Pylon  
  43  4:43  Probe  
  43  4:45  Sentry  
  46  4:55  Probe  
  46  4:56  Pylon  
  47  5:02  Twilight Council  
  47  5:08  Probe  
  47  5:11  Sentry  
  50  5:17  Probe  
  51  5:25  Probe  
  51  5:34  Probe  
  53  5:46  Probe  
  53  5:48  Phoenix  
  56  5:58  Probe  
  57  6:10  Probe, Phoenix  
  60  6:22  Probe  
  61  6:26  Pylon  
  61  6:36  Gateway  
  61  6:38  Gateway  
  61  6:40  Gateway  
  61  6:46  Pylon  
  61  6:49  Pylon  
  61  7:11  Robotics Facility  
  45  7:44  Templar Archives  
  45  8:36  High Templar x2  
  45  8:37  High Templar x4, Nexus  
  57  8:41  Archon  
  57  8:43  Archon x2  
  56  9:17  Stalker  
  56  9:18  Stalker x4  
  56  9:22  Psionic Storm  
  66  9:26  Charge  
  66  9:59  Sentry x3  
  72  10:01  Adept x3  
  78  10:26  High Templar x3  
  84  10:30  High Templar  
  84  10:31  High Templar x2  
  90  10:41  Archon x2  
  90  10:42  Archon  
  90  10:52  Pylon  
  90  10:55  Pylon  
  90  10:59  Pylon  
  90  11:06  Blink  
  66  11:48  High Templar x5  
  74  11:59  Probe  
  75  12:05  Probe  
  76  12:11  Probe  
  77  12:17  Probe  
  70  12:23  Probe  
  70  12:29  Probe  
  66  12:35  Probe  
  65  12:41  Probe  
  58  12:47  Probe  
  59  12:58  High Templar x2  
  59  12:59  High Templar x3  
  69  13:36  Dark Shrine  
  66  13:51  Nexus  
  41  14:00  High Templar x6  
  51  14:04  Probe  
  52  14:16  Probe  
  53  14:18  Immortal  
  53  14:24  Pylon  
  53  14:28  Pylon  
  56  14:55  Dark Templar x3  
  56  14:58  Immortal  
  66  15:03  Probe  
  65  15:15  Probe  
  66  15:30  Probe  
  67  15:37  Immortal  
  67  15:42  Probe  
  62  15:54  Probe  
  58  17:10  Stargate  
  58  17:12  Stargate  
  58  17:13  Shadow Stride  
  58  17:15  Stargate  
  58  17:18  Nexus  
  58  17:19  Stalker x5  
  58  17:20  Stalker  
  70  17:33  Void Ray  
  70  17:37  Pylon  
  70  17:40  Pylon  
  66  17:53  Assimilator  
  62  17:59  Assimilator  
  52  18:16  Void Ray  
  56  18:35  Probe  
  57  18:43  Probe  
  58  18:53  Probe  
  58  18:57  Void Ray  
  58  18:58  Void Ray  
  59  19:05  Probe  
  59  19:07  Void Ray  
  72  19:16  High Templar  
  74  19:17  Probe  
  75  19:36  Void Ray  
  75  19:43  High Templar  
  81  19:58  Pylon  
  81  20:04  Probe  
  82  20:13  High Templar  
  84  20:16  Probe  
  85  20:28  Probe  
  84  20:42  Void Ray  
  88  21:08  Void Ray  
  92  21:39  High Templar  
  94  21:52  Zealot x4  
  94  21:53  Zealot  
Show
View Real Time Build Order
Export as new Build Order

Odin Protoss - Winner!

Build Orders: Phoenix Opening 

Get SALT Encoding   

  12  0:01  Probe  
  13  0:16  Probe  
  13  0:17  Pylon  
  14  0:24  Probe  
  15  0:37  Gateway  
  15  0:42  Probe  
  16  0:47  Assimilator  
  16  0:56  Probe  
  17  1:04  Probe  
  17  1:09  Pylon  
  18  1:12  Probe  
  19  1:24  Probe, Gateway  
  20  1:39  Probe  
  21  1:42  Cybernetics Core  
  21  1:44  Pylon  
  21  2:05  Probe  
  21  2:07  Assimilator  
  22  2:13  Zealot  
  24  2:18  Probe  
  25  2:23  Warp Gate  
  25  2:26  Adept  
  27  2:59  Stargate  
  27  3:00  Forge  
  27  3:10  Probe  
  27  3:14  Robotics Facility  
  27  3:18  Probe  
  27  3:19  Adept x2  
  33  3:40  Protoss Ground Weapons Level 1  
  33  3:52  Phoenix  
  37  4:11  Nexus  
  37  4:14  Assimilator  
  35  4:19  Assimilator  
  35  4:21  Immortal  
  39  4:29  Pylon  
  39  4:32  Pylon  
  39  4:38  Oracle  
  39  4:47  Probe  
  43  5:13  Immortal  
  47  5:26  Oracle  
  50  5:31  Probe  
  50  5:32  Probe  
  52  5:39  Gateway  
  52  5:40  Gateway  
  52  5:43  Probe  
  52  5:44  Shield Battery, Probe  
  52  5:47  Pylon  
  54  5:56  Probe x2  
  56  6:07  Oracle  
  59  6:15  Twilight Council  
  59  6:18  Pylon x2  
  59  6:27  Warp Prism  
  61  6:34  Zealot x2  
  65  6:44  Phoenix  
  67  7:02  Probe x2  
  67  7:03  Observer  
  70  7:14  Probe x2  
  72  7:26  Probe x2  
  63  7:38  Probe  
  63  7:40  Immortal  
  63  7:41  Stalker  
  63  7:42  Stalker x3  
  76  7:51  Gateway  
  76  7:52  Pylon, Gateway  
  76  7:53  Pylon  
  76  8:00  Oracle  
  79  8:47  Probe x2  
  81  8:54  Immortal  
  81  8:55  Protoss Ground Weapons Level 2  
  85  8:57  Charge  
  85  8:59  Probe x2  
  85  9:02  Stalker x4  
  91  9:03  Stalker x2  
  99  9:12  Robotics Facility  
  99  9:36  Nexus  
  99  9:38  Assimilator  
  99  9:43  Probe  
  100  9:51  Pylon  
  100  9:52  Pylon x2  
  100  9:57  Probe  
  100  9:58  Probe  
  102  10:07  Immortal  
  106  10:10  Probe  
  106  10:12  Immortal  
  106  10:13  Probe  
  112  10:20  Stalker  
  114  10:22  Probe  
  114  10:23  Stalker  
  117  10:32  Templar Archives  
  117  10:43  Gateway  
  117  10:44  Gateway  
  117  10:48  Probe x3  
  120  11:00  Probe x2  
  97  11:39  Zealot x4  
  88  11:40  Zealot  
  88  11:41  Zealot  
  88  11:47  Observer  
  93  11:48  Observer  
  93  11:51  Probe x2  
  96  11:57  Templar Archives  
  96  11:59  Stargate  
  96  12:03  Stargate  
  96  12:06  Stargate  
  92  12:26  Zealot x3  
  92  12:27  Zealot x4  
  80  12:46  Immortal x2  
  88  12:53  Nexus  
  88  12:55  Assimilator  
  88  12:56  Assimilator  
  88  13:08  Oracle  
  88  13:09  Oracle x2  
  88  13:10  Oracle  
  88  13:12  Psionic Storm  
  100  13:13  High Templar  
  100  13:14  High Templar  
  100  13:19  Assimilator  
  104  13:22  Pylon  
  104  13:24  Pylon  
  104  13:26  Pylon  
  104  13:27  Pylon  
  104  13:29  Pylon  
  104  13:31  Pylon  
  104  13:33  Pylon  
  103  13:41  High Templar x2  
  103  13:42  High Templar  
  103  13:45  High Templar  
  105  14:03  Oracle, Probe  
  105  14:07  Probe  
  110  14:11  Nexus  
  69  14:48  High Templar x2  
  69  14:49  High Templar x2  
  69  14:52  Stalker x2  
  79  14:55  Oracle  
  79  14:59  Zealot x2  
  88  15:01  Probe x2  
  88  15:02  Probe  
  91  15:11  Immortal x2  
  91  15:13  Probe  
  91  15:14  Probe x2  
  64  15:58  Stalker x2  
  64  15:59  Stalker x5  
  64  16:02  Zealot  
  70  16:24  Zealot x4  
  70  16:25  Zealot x2  
  72  16:26  Zealot x2  
  76  16:34  Gateway  
  76  16:38  Gateway x2  
  76  16:41  Gateway  
  76  16:43  Gateway  
  76  16:45  Immortal x2  
  76  16:46  High Templar  
  76  16:47  High Templar  
  88  16:48  Gateway, Void Ray  
  88  16:49  Void Ray  
  88  16:51  Gateway  
  88  16:53  High Templar  
  98  16:54  Gateway  
  98  17:09  High Templar  
  98  17:14  Zealot x4  
  100  17:31  Zealot x3  
  98  17:46  Nexus  
  98  17:55  Assimilator  
  84  18:05  Zealot x4  
  90  18:06  Zealot x4  
  98  18:35  Nexus  
  98  18:36  Warp Prism  
  98  18:37  Immortal  
  98  18:38  Assimilator  
  98  18:39  Zealot x4  
  98  18:40  Zealot x2  
  116  18:44  Assimilator, Void Ray  
  116  18:45  Void Ray  
  116  18:46  Pylon  
  124  18:48  Pylon  
  124  18:50  Pylon, High Templar  
  126  19:12  Immortal  
  130  19:19  Immortal  
  134  19:29  High Templar x3  
  140  19:32  Archon  
  140  19:34  Archon  
  140  19:38  High Templar  
  142  19:44  Zealot x3  
  142  19:45  Zealot x3  
  154  19:51  Immortal  
  158  19:58  Immortal  
  162  20:30  Immortal  
  166  20:45  Zealot x2  
  166  20:46  Zealot x2  
  166  20:49  Void Ray  
  174  20:50  Void Ray x3  
  190  20:59  Cybernetics Core  
  190  21:03  Forge  
  194  21:25  Forge  
  190  21:58  High Templar x2  
  190  21:59  High Templar x3  
Show
View Real Time Build Order
Export as new Build Order

keyser Terran - Winner!

Build Orders: MMM Bio 

Get SALT Encoding   

  12  0:01  SCV  
  13  0:13  SCV  
  14  0:18  Supply Depot  
  14  0:25  SCV  
  15  0:40  SCV  
  16  0:46  Barracks  
  16  0:49  Refinery  
  16  0:52  SCV  
  17  1:04  SCV  
  18  1:17  SCV  
  19  1:30  SCV  
  20  1:35  Reaper  
  21  1:43  Supply Depot  
  21  1:45  Orbital Command  
  21  2:03  Refinery  
  21  2:09  Factory  
  21  2:21  Barracks Tech Lab  
  21  2:36  Supply Depot  
  21  2:46  Barracks  
  21  2:49  Barracks  
  21  2:50  Stimpack  
  20  3:05  Starport  
  20  3:11  Factory Tech Lab  
  20  3:32  Siege Tank  
  23  3:41  Barracks Reactor  
  23  3:52  Command Center  
  23  4:07  Engineering Bay  
  23  4:10  Engineering Bay  
  23  4:11  SCV  
  23  4:13  Siege Tank  
  27  4:19  Starport Reactor  
  27  4:21  Barracks Tech Lab  
  27  4:22  Marine x2  
  27  4:23  SCV  
  30  4:28  Marauder  
  32  4:40  Marine x2  
  34  4:58  Marine  
  35  5:35  Supply Depot  
  35  5:36  Supply Depot  
  35  5:37  Supply Depot  
  35  5:40  Armory  
  35  5:50  Refinery, Planetary Fortress  
  35  5:53  Siege Tank  
  35  5:54  Medivac  
  40  6:28  SCV  
  40  6:29  SCV  
  42  6:34  Smart Servos  
  42  6:40  SCV  
  42  6:41  SCV  
  42  6:46  Command Center  
  44  6:53  SCV x2  
  46  7:05  SCV  
  46  7:08  Combat Shield  
  47  7:10  Concussive Shells  
  47  7:11  Marine x3  
  47  7:13  Marauder  
  52  7:29  Marauder, Marine x2  
  56  7:33  Marine  
  57  7:39  Refinery  
  57  7:41  SCV  
  58  7:46  Marine  
  58  7:47  Marine  
  58  7:51  Thor  
  66  7:53  SCV  
  66  7:54  Marine  
  66  7:55  Marine  
  69  8:04  Marine x2  
  71  8:05  SCV  
  71  8:09  Liberator  
  71  8:10  Liberator  
  71  8:12  Marine  
  76  8:30  Terran Vehicle Weapons Level 1  
  78  8:57  Supply Depot  
  78  8:58  Terran Infantry Weapons Level 1, Terran Infantry Armor Level 1  
  78  9:01  SCV  
  78  9:02  Supply Depot  
  79  9:09  Orbital Command  
  79  9:13  SCV  
  79  9:14  SCV  
  81  9:21  Supply Depot  
  81  9:25  SCV  
  81  9:26  SCV  
  83  9:37  SCV  
  83  9:38  SCV  
  85  9:49  Missile Turret, SCV  
  85  9:50  SCV x2  
  88  9:59  Infernal Pre-Igniter  
  88  10:01  SCV  
  88  10:02  SCV  
  88  10:03  SCV  
  91  10:14  SCV  
  91  10:15  SCV, Factory  
  91  10:16  Missile Turret  
  91  10:17  Factory x2  
  93  10:23  Refinery  
  93  10:25  Refinery  
  93  10:26  SCV  
  93  10:27  SCV  
  95  10:28  Thor  
  101  10:39  SCV  
  102  10:45  Missile Turret  
  102  11:11  Thor  
  93  11:30  Factory Tech Lab  
  93  11:31  Factory Tech Lab  
  93  11:32  Factory Reactor  
  83  11:53  Liberator x2  
  83  11:54  Armory, Siege Tank  
  83  11:55  Terran Vehicle Weapons Level 2  
  86  12:07  Command Center  
  92  12:17  Hellion x2  
  92  12:21  Hellion x2  
  100  12:26  Siege Tank  
  97  12:36  Liberator  
  85  12:38  Hellion x2  
  85  12:42  Siege Tank x2  
  101  12:58  Siege Tank  
  101  13:00  Hellion x2  
  108  13:13  Liberator  
  108  13:14  Hellbat x2  
  112  13:21  Hellion x2  
  116  13:30  Siege Tank  
  119  13:35  Hellbat, Viking  
  119  13:36  Hellbat  
  93  14:05  Viking  
  93  14:08  Fusion Core  
  95  14:10  SCV  
  95  14:13  Viking  
  98  14:22  SCV  
  99  14:28  Planetary Fortress  
  99  14:32  Terran Vehicle Weapons Level 3  
  99  14:33  Terran Ship Weapons Level 1  
  99  14:34  SCV  
  99  14:35  Siege Tank, Thor, Viking  
  99  14:37  Siege Tank  
  114  14:39  Hellbat x2  
  114  14:43  Viking  
  120  15:00  Hellbat  
  120  15:01  Hellbat  
  120  15:05  Viking  
  126  15:07  Thor  
  132  15:14  Hellbat  
  132  15:18  Siege Tank  
  115  15:22  Hellbat x2  
  99  15:36  Hellbat  
  91  15:43  Hellbat x2  
  87  15:50  Siege Tank, Thor  
  96  15:57  Hellbat  
  92  16:18  Hellbat  
  92  16:23  Liberator, Hellbat  
  94  16:29  SCV  
  94  16:32  Terran Ship Weapons Level 2  
  95  16:33  Hellbat  
  95  16:39  Thor  
  97  16:41  SCV  
  97  16:44  Hellbat  
  109  16:53  SCV  
  110  16:55  Hellbat  
  112  17:05  Refinery x2, SCV, Siege Tank  
  116  17:09  Terran Vehicle And Ship Armor Level 1  
  116  17:15  Thor  
  116  17:17  SCV  
  126  17:22  Siege Tank  
  124  17:37  Thor  
  130  17:55  Siege Tank  
  127  17:58  Thor  
  122  18:27  Siege Tank  
  125  18:39  Siege Tank  
  128  18:44  Hellion x2  
  132  18:56  Starport  
  132  18:59  Supply Depot  
  132  19:00  Supply Depot  
  132  19:08  Terran Vehicle And Ship Armor Level 2  
  132  19:14  Terran Ship Weapons Level 3  
  132  19:21  Thor x2, Hellion x2  
  132  19:22  Siege Tank  
  132  19:24  Supply Depot  
  151  19:27  Supply Depot  
  151  19:43  Hellion x2  
  155  19:51  Supply Depot  
  155  19:52  Advanced Ballistics  
  155  19:54  Thor, Supply Depot  
  155  19:58  Raven, Command Center  
  163  20:04  Siege Tank x2, Hellion x2  
  173  20:15  Supply Depot  
  173  20:18  Supply Depot  
  173  20:36  Thor x2  
  173  20:37  Siege Tank  
  173  20:39  Supply Depot  
  173  20:41  Raven  
  184  20:43  Supply Depot  
  184  20:44  Liberator  
  184  21:03  Supply Depot  
  187  21:09  Hellion  
  189  21:19  Hellion x2  
  189  21:23  Raven  
  195  21:26  Supply Depot  
  195  21:30  Siege Tank  
  198  21:40  Hellion  
Tags
 
Add a new tag
Caveats
  • Supply blocks, unpowered buildings, or Contaminate may cause inaccurate times.
  • Supply counts are checked every 10 seconds.